 Dungeon Crawl Stone Soup version 0.19.1 (webtiles) character file.

104773 FatherFrost the Devastator (level 16, -2/76 HPs)
             Began as a Gargoyle Wizard on Jan 2, 2017.
             Was an Elder of Sif Muna.
             Slain by a centaur warrior skeleton (5 damage)
             ... on level 15 of the Dungeon.
             The game lasted 03:24:42 (25986 turns).

FatherFrost the Devastator (Gargoyle Wizard)       Turns: 25986, Time: 03:24:43

Health: -2/76      AC:  0    Str: 13    XL:     16   Next: 39%
Magic:  26/35      EV: 14    Int: 24    God:    Sif Muna [****..]
Gold:   1322       SH:  0    Dex:  8    Spells: 12 memorised, 7 levels left

rFire  . . .     SeeInvis .     (weapon currently unavailable)
rCold  . . .     Gourm    .     (armour currently unavailable)
rNeg   + . .     Faith    .     (shield currently unavailable)
rPois  ∞         Spirit   .     (helmet currently unavailable)
rElec  .         Reflect  .     (cloak currently unavailable)
rCorr  .         Harm     .     (gloves currently unavailable)
MR     +....                    (boots currently unavailable)
Stlth  ++........               h - amulet of magic regeneration
                                (ring currently unavailable)
                                (ring currently unavailable)

@: about to teleport, pig-form, barbed spikes, flying, very slightly
contaminated, hasted, invisible, very quick
A: (big wings), negative energy resistance 1, (electricity resistance),
(unbreathing), petrification resistance, rot immunity, AC +11
a: Divine Energy, Channel Magic, Forget Spell, Renounce Religion


You were on level 15 of the Dungeon.
You worshipped Sif Muna.
Sif Muna was greatly pleased with you.
You were very hungry.
You were a filthy swine.
You visited 6 branches of the dungeon, and saw 27 of its levels.
You also visited: Labyrinth.

You collected 2624 gold pieces.
You spent 1302 gold pieces at shops.

Inventory:

Hand Weapons
 a - a +3 trident of protection (melded)
Armour
 k - a +0 cloak (melded)
 q - a +0 buckler (melded)
 r - a +1 helmet of see invisible (melded)
 s - a +2 robe of positive energy (melded)
 F - a +0 pair of boots (melded)
 S - the +1 ring mail of the Sturgeon {rF++}
   (You took it off a minotaur in a labyrinth)

   It greatly protects you from fire.
 V - a +2 pair of gloves (melded)
Rods
 O - a +2 rod of inaccuracy (11/11)
   (You found it on level 8 of the Dungeon)
Jewellery
 h - an amulet of magic regeneration (around neck)
 n - an uncursed ring of magical power
 D - the ring "Siyz" (melded) {rN+ MP+9 Str+3}
   (You bought it in a shop on level 2 of the Orcish Mines)

   [ring of magical power]

   It affects your strength (+3).
   It protects you from negative energy.
   It affects your magic capacity (+9).
 R - an uncursed ring of positive energy
 Y - the ring "Jeicump" (melded) {*Corrode rC++ MP+9 Dex+6}
   (You found it on level 15 of the Dungeon)

   [ring of magical power]

   It affects your dexterity (+6).
   It greatly protects you from cold.
   It affects your magic capacity (+9).
   It may corrode you when you take damage.
Wands
 c - a wand of lightning (9/15)
 m - a wand of digging (10/24)
 y - a wand of iceblast (3/15)
 C - a wand of digging (9/24)
 I - a wand of lightning (6/15)
 T - a wand of iceblast (8/15)
Scrolls
 b - a scroll of brand weapon
 e - 6 scrolls of teleportation
 i - a scroll of fog
 j - 4 scrolls of magic mapping
 o - 16 scrolls of remove curse
 u - 2 scrolls of amnesia
 v - 2 scrolls of torment {unknown}
 A - a scroll of enchant weapon
 E - 2 scrolls of enchant armour
 K - a scroll of recharging
 L - 2 scrolls of vulnerability
 P - a scroll of immolation
 Q - a scroll of holy word
Potions
 f - 2 potions of brilliance
 g - 4 potions of lignification
 p - a potion of haste
 t - 3 potions of cancellation
 w - 7 potions of might
 x - 3 potions of invisibility
 B - 4 potions of curing
 G - 2 potions of agility
 H - a potion of magic
Books
 U - a book of Battle

   Spells                             Type                      Level
   a - Infusion                       Charms                       1
   b - Shroud of Golubria             Charms/Translocation         2
   c - Song of Slaying                Charms                       2
   d - Spectral Weapon                Hexes/Charms                 3
   e - Regeneration                   Charms/Necromancy            3
Miscellaneous
 z - a sack of spiders
 W - a crystal ball of energy
Comestibles
 d - 14 bread rations
 l - a meat ration
 J - a chunk of flesh
 M - a beef jerky
 N - 30 fruits
 X - 18 royal jellies


   Skills:
 - Level 6.1 Polearms
 - Level 1.5 Dodging
 - Level 2.1 Stealth
 - Level 4.0 Shields
 + Level 15.1 Spellcasting
 + Level 16.8 Conjurations
   Level 0.8 Summonings
 - Level 0.8 Translocations
 + Level 13.0 Fire Magic
 - Level 9.4 Invocations


You had 7 spell levels left.
You knew the following spells:

 Your Spells              Type           Power        Failure   Level  Hunger
a - Magic Dart            Conj           ####         0%          1    None
b - Bolt of Fire          Conj/Fire      ######....   1%          6    ####...
c - Conjure Flame         Conj/Fire      ######..     1%          3    None
f - Fireball              Conj/Fire      ######....   1%          5    ##.....
i - Iskenderun's Mystic   Conj           #######.     1%          4    None
m - Mephitic Cloud        Conj/Pois/Air  #####...     1%          3    None
A - Apportation           Tloc           ###.......   1%          1    None
B - Blink                 Tloc           N/A          3%          2    None
I - Ignite Poison         Fire/Tmut/Pois #####...     1%          3    None
M - Repel Missiles        Chrm/Air       ###...       6%          2    None
P - Iskenderun's Battles  Conj/Chrm      ######..     2%          5    ##.....
R - Regeneration          Chrm/Necr      ###.......   12%         3    None


Dungeon Overview and Level Annotations

Branches:
Dungeon (15/15)            Temple (1/1) D:5            Lair (6/6) D:8
 Shoals (2/4) Lair:4       Spider (1/4) Lair:4        Slime (0/5) Lair:6
    Orc (2/2) D:12            Elf (0/3) Orc:2        Vaults (0/5) D:14
 Depths: D:15

Altars:
Ashenzari
Cheibriados
Dithmenos
Elyvilon
Fedhas
Gozag
Hepliaklqana
Kikubaaqudgha
Makhleb
Nemelex Xobeh
Okawaru
Qazlal
Ru
Sif Muna
Trog
Uskayaw
Vehumet
Xom
Yredelemnul
Zin
The Shining One
Beogh
Jiyva

Shops:
D:12 %[(?(   Orc:2 [==[

Annotations:
D:9 exclusion: door
D:15 Kirke
Spider:1 Asterion, Azrael, Louise


Innate Abilities, Weirdness & Mutations

You are resistant to torment.
((Your stone body is resilient. (AC +11)))
You are immune to poison.
((Your large and strong wings let you fly indefinitely.))
You resist negative energy. (rN+)
((You are resistant to electric shocks. (rElec)))
((You can survive without breathing.))
You are immune to petrification.
You are immune to rotting.


Message History

You feel strangely unstable. The centaur warrior skeleton hits you.
The manticore flicks its tail.
The volley of spikes hits you!
The barbed spikes become lodged in your body.
* * * LOW HITPOINT WARNING * * *
The hungry ghost hits you.
* * * LOW HITPOINT WARNING * * *
You are feeling hungry.
Okay, then.
You feel yourself speed up.
The centaur warrior skeleton barely misses you.
The manticore flicks its tail.
The volley of spikes misses you.
The centaur warrior skeleton closely misses you.
The hungry ghost hits you.
* * * LOW HITPOINT WARNING * * *
You are feeling very hungry.
You feel as though your hastened speed will last longer.
The centaur warrior skeleton hits you.
You die...

##..........
#+#.....#....
............#
.......#.... .
##...........# ..
###.......#........
##.....#.......#....
###.....#...#.........
#....hW.........#.....
##.≈≈pZ................
#..≈≈≈.#.......#+#+#...
....≈≈.#..H...Q## #..
......#....#'### ##
.....#....##...
..........'.<..#
G.#.......#...$#
.#......#+###!<#


You could see a vault guard, a manticore, a hungry ghost, a tengu conjurer
(wandering), a floating eye (wandering) and a centaur warrior skeleton.

Vanquished Creatures
  A frost giant (D:15)
  A dire elephant (Lair:6)
  2 merfolk impalers (Shoals:2)
  Snorg (D:10)
  A minotaur (Lab)
  4 hydras
  5 vault guards
  An ice dragon (Lair:6)
  A catoblepas (Lair:6)
  Harold (D:11)
  2 centaur warriors
  2 merfolk avatars
  A deep troll shaman (Lair:6)
  2 tengu warriors
  5 death yaks (Lair:6)
  5 orc high priests (Orc:2)
  Sonja (Lair:4)
  An unseen horror (D:12)
  3 sea snakes
  3 orc knights
  Pikel (D:9)
  5 hill giants
  2 deep elf magi
  2 oklob plants
  A wolf spider (Spider:1)
  2 orb spiders (Spider:1)
  8 ugly things
  2 manticores
  8 fauns
  An orc sorcerer (D:9)
  7 elephants (Lair:6)
  2 cyclopes
  Joseph (D:7)
  A guardian serpent (D:15)
  3 black mambas
  5 water nymphs
  5 sirens
  2 centaur zombies
  A gargoyle (D:12)
  Psyche (D:9)
  3 rime drakes
  A kobold demonologist (D:14)
  10 komodo dragons
  10 spiny frogs
  A freezing wraith (D:11)
  A demonic crawler (Lair:4)
  3 meliai (D:14)
  3 jumping spiders (Lair:4)
  3 trolls
  3 polar bears
  5 merfolk
  A two-headed ogre (D:14)
  2 snapping turtles (Shoals:1)
  3 wind drakes (Shoals:1)
  5 slime creatures (D:13)
  3 hornets
  8 blink frogs
  A dream sheep (shapeshifter) (D:12)
  11 hippogriffs
  4 dream sheep (Shoals:1)
  A centaur simulacrum (D:14)
  A vampire (D:12)
  A wraith (D:11)
  3 shadows
  A tarantella (Spider:1)
  2 redbacks
  2 spriggans (D:15)
  2 water elementals (Shoals:2)
  A wyvern (Lair:4)
  2 fire elementals
  22 yaks
  3 basilisks
  Grum (D:10)
  3 steam dragons
  4 hungry ghosts
  Edmund (D:5)
  9 water moccasins
  23 wargs
  The ghost of Host24 the Ducker, an amateur KoHu (D:3)
  A floating eye (D:15)
  9 porcupines
  4 ice beasts
  24 orc warriors
  3 black bears
  3 sky beasts
  15 ogres
  2 necrophages
  22 wolves
  2 phantoms
  9 centaurs
  15 crocodiles
  A big kobold (D:8)
  Blork the orc (D:4)
  A wyvern zombie (D:15)
  15 bullfrogs
  A gnoll sergeant (D:8)
  A water moccasin zombie (D:7)
  6 scorpions
  40 killer bees
  4 wights (D:8)
  4 electric eels
  3 howler monkeys
  2 bullfrog zombies
  5 crimson imps
  A quasit (D:6)
  44 orc priests
  3 hounds
  2 bullfrog skeletons
  6 jellies
  5 centaur skeletons
  23 orc wizards
  Terence (D:2)
  3 iguanas
  Natasha (D:1)
  7 worker ants
  A killer bee zombie (D:10)
  A hound zombie (D:10)
  A hound skeleton (D:9)
  A howler monkey zombie (D:6)
  7 adders
  15 gnolls
  A howler monkey skeleton (D:9)
  2 river rats
  6 shadow imps
  2 white imps (Lair:6)
  2 oozes
  2 adder skeletons (D:4)
  5 worms
  A dart slug (D:2)
  9 leopard geckos
  132 orcs
  2 ball pythons
  16 bats
  7 giant cockroaches
  4 goblins
  10 hobgoblins
  11 jackals
  11 kobolds
  5 quokkas
  9 frilled lizards
  2 jackal skeletons (D:4)
  2 quokka skeletons
  12 rats
  2 plants
837 creatures vanquished.

Vanquished Creatures (collateral kills)
  A queen bee (D:14)
  A vampire (D:9)
  2 killer bees
4 creatures vanquished.

Vanquished Creatures (others)
  A hell hound (Spider:1)
  An ogre (D:5)
  A quasit (D:8)
  An orc wizard (D:8)
  An orc (D:8)
  10 fungi
  7 plants
22 creatures vanquished.

Grand Total: 863 creatures vanquished

Notes
Turn   | Place    | Note
-------+----------+-------------------------------------------
     0 | D:1      | FatherFrost the Gargoyle Wizard began the quest for the Orb.
     0 | D:1      | Reached XP level 1. HP: 10/10 MP: 4/4
   171 | D:1      | Reached skill level 2 in Conjurations
   185 | D:1      | Reached XP level 2. HP: 15/15 MP: 0/6
   189 | D:1      | Learned a level 2 spell: Blink
   544 | D:2      | Reached skill level 3 in Conjurations
   599 | D:2      | Found a shattered altar of Ashenzari.
   645 | D:2      | Reached XP level 3. HP: 19/19 MP: 4/7
   660 | D:2      | Noticed Natasha
   800 | D:2      | Found an opulent altar of Gozag.
  1034 | D:2      | Reached skill level 4 in Conjurations
  1096 | D:2      | Reached XP level 4. HP: 24/24 MP: 0/8
  1313 | D:2      | Learned a level 3 spell: Mephitic Cloud
  1317 | D:2      | Learned a level 3 spell: Conjure Flame
  1501 | D:3      | Noticed Host24's ghost (amateur KoHu)
  1510 | D:3      | Noticed Terence
  1617 | D:1      | Killed Natasha
  2015 | D:2      | Killed Terence
  2015 | D:2      | Reached XP level 5. HP: 25/28 MP: 3/10
  2230 | D:2      | Reached skill level 5 in Conjurations
  2318 | D:3      | Reached XP level 6. HP: 32/32 MP: 9/12
  2603 | D:3      | Learned a level 2 spell: Call Imp
  2639 | D:3      | Reached skill level 1 in Polearms
  3149 | D:4      | Reached XP level 7. HP: 36/36 MP: 13/13
  3270 | D:4      | Noticed Blork the orc
  3290 | D:4      | Killed Blork the orc
  3462 | D:4      | Reached skill level 5 in Spellcasting
  3462 | D:4      | Reached skill level 6 in Conjurations
  4128 | D:5      | Entered Level 5 of the Dungeon
  4204 | D:5      | Reached XP level 8. HP: 31/41 MP: 3/15
  4371 | D:5      | Found a staircase to the Ecumenical Temple.
  4376 | Temple   | Entered the Ecumenical Temple
  4408 | Temple   | Became a worshipper of Sif Muna the Loreminder
  4524 | D:5      | Noticed Edmund
  4561 | D:5      | Killed Edmund
  4660 | D:5      | Found an iron altar of Okawaru.
  4660 | D:5      | Found a basalt altar of Yredelemnul.
  4794 | D:6      | Reached skill level 7 in Conjurations
  4805 | D:6      | Learned a level 2 spell: Repel Missiles
  5008 | D:6      | Found a glowing golden altar of the Shining One.
  5047 | D:6      | Reached skill level 5 in Polearms
  5369 | D:7      | Reached XP level 9. HP: 31/45 MP: 13/18
  5386 | D:7      | Reached * piety under Sif Muna
  5584 | D:7      | Reached skill level 8 in Conjurations
  5860 | D:7      | Noticed Joseph
  5873 | D:7      | Killed Joseph
  6474 | D:6      | Found a shadowy altar of Dithmenos.
  6645 | D:3      | Killed Host24's ghost
  6645 | D:3      | Reached ** piety under Sif Muna
  6645 | D:3      | Reached skill level 9 in Conjurations
  7135 | D:8      | Reached XP level 10. HP: 46/50 MP: 8/22
  7411 | D:8      | Reached skill level 10 in Conjurations
  7416 | D:8      | Reached *** piety under Sif Muna
  7677 | D:8      | Got a bronze chain mail
  7737 | D:8      | Found a staircase to the Lair.
  7760 | D:8      | Reached skill level 1 in Fire Magic
  8068 | D:8      | Identified a +2 rod of inaccuracy (11/11) (You found it on level 8 of the Dungeon)
  8118 | D:8      | Found a white marble altar of Elyvilon.
  8185 | Lair:1   | Entered Level 1 of the Lair of Beasts
  8263 | D:8      | Reached **** piety under Sif Muna
  8387 | Lair:1   | Reached skill level 11 in Conjurations
  8492 | Lair:1   | Reached XP level 11. HP: 16/54 MP: 17/24
  8748 | Lair:1   | Found a frozen archway.
  8858 | Lair:1   | Identified the +5 chain mail "Kicvis" {rPois Regen+ Dex-3} (You found it on level 8 of the Dungeon)
  9159 | D:9      | Noticed Psyche
  9170 | D:9      | Noticed Pikel
  9181 | D:9      | Killed Psyche
  9181 | D:9      | Reached skill level 1 in Shields
  9433 | D:9      | Found a shadowy altar of Dithmenos.
  9556 | D:9      | Found a sacrificial altar of Ru.
  9559 | D:9      | Found a radiant altar of Vehumet.
  9565 | D:9      | Found a hazy altar of Hepliaklqana.
  9577 | D:9      | Found a hide-covered altar of Uskayaw.
 10098 | D:9      | Noticed an orc sorcerer
 10216 | D:9      | Noticed an orc knight
 10301 | D:9      | Killed an orc knight
 10301 | D:9      | Reached skill level 10 in Spellcasting
 10835 | D:9      | Noticed a white ugly thing
 10934 | D:9      | Killed Pikel
 10934 | D:9      | Reached skill level 5 in Fire Magic
 11176 | D:9      | Reached ***** piety under Sif Muna
 11513 | D:10     | Entered Level 10 of the Dungeon
 11513 | D:10     | Noticed Grum
 11599 | D:9      | Reached skill level 12 in Conjurations
 11722 | D:9      | Received a gift from Sif Muna
 11730 | D:9      | Learned a level 5 spell: Iskenderun's Battlesphere
 11735 | D:9      | Learned a level 4 spell: Iskenderun's Mystic Blast
 12310 | Lair:2   | Reached skill level 1 in Invocations
 12355 | Lair:2   | Reached XP level 12. HP: 59/59 MP: 24/26
 13260 | Lair:3   | Reached XP level 13. HP: 63/63 MP: 27/27
 13340 | Lair:3   | Learned a level 5 spell: Fireball
 13347 | Lair:3   | Learned a level 6 spell: Bolt of Fire
 14423 | D:10     | Noticed Snorg
 14677 | D:10     | Reached skill level 13 in Conjurations
 15113 | D:10     | Learned a level 3 spell: Tukima's Dance
 15411 | D:10     | Killed Snorg
 15424 | D:10     | Killed Grum
 15984 | D:11     | Noticed Harold
 15994 | D:11     | Killed Harold
 16264 | D:12     | Found Osaistreacw's Antique Weapon Shop.
 16333 | D:12     | Received a gift from Sif Muna
 16450 | D:12     | Found Coamar's Antique Weapon Shoppe.
 16459 | D:12     | Found Dayler's Magic Scroll Shoppe.
 16467 | D:12     | Identified a scroll of acquirement
 16468 | D:12     | Bought a scroll of identify for 36 gold pieces
 16468 | D:12     | Bought a scroll of identify for 36 gold pieces
 16470 | D:12     | Bought a scroll of teleportation for 54 gold pieces
 16588 | D:12     | Found Waqih's Armour Emporium.
 16596 | D:12     | Bought a +1 helmet of see invisible for 231 gold pieces
 16798 | D:12     | Found a staircase to the Orcish Mines.
 16842 | Orc:1    | Entered Level 1 of the Orcish Mines
 17339 | Orc:2    | Entered Level 2 of the Orcish Mines
 17339 | Orc:2    | Found a staircase to the Elven Halls.
 17456 | Orc:2    | Gained mutation: Your large and strong wings let you fly indefinitely. [Gargoyle growth]
 17456 | Orc:2    | Reached XP level 14. HP: 62/68 MP: 1/29
 17788 | Orc:2    | Reached skill level 14 in Conjurations
 17926 | Orc:2    | Found Rovate's Jewellery Shoppe.
 17926 | Orc:2    | Found Qideeves's Antique Armour Boutique.
 17948 | Orc:2    | Found a roughly hewn altar of Beogh.
 17980 | Orc:2    | Found Wogeghec's Armour Shoppe.
 17980 | Orc:2    | Found Mekh's Jewellery Boutique.
 18118 | Orc:2    | Bought an uncursed amulet of magic regeneration for 420 gold pieces
 18118 | Orc:2    | Bought the ring "Siyz" {rN+ MP+9 Str+3} for 525 gold pieces
 18416 | D:12     | Identified Sif Muna's Volume of Lightness (Sif Muna gifted it to you on level 12 of the Dungeon)
 18416 | D:12     | Received a gift from Sif Muna
 18447 | D:12     | Found Ahadotz's Food Shoppe.
 19160 | Lair:4   | Noticed Sonja
 19165 | Lair:4   | Killed Sonja
 19186 | Lair:4   | Found a hole to the Spider Nest.
 19190 | Lair:4   | Reached skill level 10 in Fire Magic
 19203 | Spider:1 | Entered Level 1 of the Spider Nest
 19208 | Spider:1 | Noticed Asterion
 19431 | Lair:4   | Found a staircase to the Shoals.
 19455 | Shoals:1 | Entered Level 1 of the Shoals
 19742 | Shoals:1 | Reached skill level 15 in Conjurations
 20492 | Lair:5   | Received a gift from Sif Muna
 20638 | Lair:5   | Reached XP level 15. HP: 72/72 MP: 32/32
 20995 | Lair:6   | Entered Level 6 of the Lair of Beasts
 21897 | Lair:6   | Identified Maafomn's Catalogue of the Ten Runes
 22079 | Lair:6   | Found a viscous altar of Jiyva.
 22080 | Lair:6   | Found a staircase to the Slime Pits.
 22191 | Lair:1   | Learned a level 3 spell: Ignite Poison
 22275 | Spider:1 | Noticed Azrael
 22329 | Spider:1 | Noticed Louise
 22437 | Shoals:2 | Reached skill level 16 in Conjurations
 22478 | Shoals:2 | Identified Sif Muna's Papyrus of Attacks (Sif Muna gifted it to you on level 2 of the Shoals)
 22478 | Shoals:2 | Received a gift from Sif Muna
 23356 | Lair:1   | Learned a level 1 spell: Apportation
 24424 | D:14     | Found a labyrinth entrance.
 24428 | Lab      | Entered a labyrinth
 24890 | Lab      | Got a jewelled ring mail
 24901 | Lab      | Identified the cursed +1 ring mail of the Sturgeon {rF++} (You took it off a minotaur in a labyrinth)
 25021 | D:14     | Reached XP level 16. HP: 49/76 MP: 22/34
 25233 | D:14     | Identified Sif Muna's Reference Book on Attacks (Sif Muna gifted it to you on level 14 of the Dungeon)
 25233 | D:14     | Received a gift from Sif Muna
 25249 | D:14     | Found a gate to the Vaults.
 25418 | D:14     | Found a snail-covered altar of Cheibriados.
 25554 | D:14     | Reached skill level 15 in Spellcasting
 25727 | D:15     | Entered Level 15 of the Dungeon
 25800 | D:15     | Paralysed by a floating eye for 4 turns
 25841 | D:15     | Got a sparkling silver ring
 25843 | D:15     | Identified the ring "Jeicump" {*Corrode rC++ MP+9 Dex+6} (You found it on level 15 of the Dungeon)
 25853 | D:15     | Learned a level 3 spell: Regeneration
 25894 | D:15     | Found Gaenosh's Distillery.
 25956 | D:15     | Noticed Kirke
 25985 | D:15     | HP: 3/76 [hungry ghost (3)]
 25986 | D:15     | Slain by a centaur warrior skeleton

Skill      XL: |  1  2  3  4  5  6  7  8  9 10 11 12 13 14 15 16 |
---------------+-------------------------------------------------+-----
Conjurations   | 2 3 4 5 6 7 9 11 12 13 15 16 | 16.8
Spellcasting   | 4 5 6 8 9 10 11 13 14 15 | 15.1
Polearms       | 2 3 5 6 |  6.1
Fire Magic     | 3 6 9 10 12 13 | 13.0
Shields        | 4 |  4.0
Invocations    | 1 9 |  9.4
Dodging        | |  1.5
Stealth        | |  2.1
Summonings     | |  0.8
Translocations | |  0.8

Action                   |  1- 3 |  4- 6 |  7- 9 | 10-12 | 13-15 | 16-18 || total
-------------------------+-------+-------+-------+-------+-------+-------++-------
Melee: Dagger            |    15 |       |       |       |       |       ||    15
       Spear             |     4 |   241 |   639 |   646 |       |       ||  1530
       Morningstar       |       |       |    33 |       |       |       ||    33
       Trident           |       |       |       |   164 |   320 |    83 ||   567
 Cast: Magic Dart        |    77 |    57 |   127 |   144 |   169 |     3 ||   577
       Mephitic Cloud    |       |    21 |    78 |    82 |    37 |     9 ||   227
       Conjure Flame     |       |     5 |    29 |    46 |    25 |     6 ||   111
       Blink             |       |     3 |    16 |    26 |    47 |     8 ||   100
       Repel Missiles    |       |       |     2 |       |     4 |     1 ||     7
       Iskenderun's Myst |       |       |       |    26 |   364 |    33 ||   423
       Iskenderun's Batt |       |       |       |    11 |    90 |     8 ||   109
       Fireball          |       |       |       |       |    99 |    33 ||   132
       Tukima's Dance    |       |       |       |       |     3 |       ||     3
       Bolt of Fire      |       |       |       |       |    16 |     4 ||    20
Invok: Channel Magic     |       |       |       |       |    23 |     4 ||    27
       Forget Spell      |       |       |       |       |     1 |       ||     1
 Abil: Fly               |       |       |       |       |     1 |       ||     1
Evoke: Rod               |       |       |       |     1 |       |       ||     1
       Wand              |       |       |       |       |     3 |       ||     3
  Use: Scroll            |     4 |     5 |    15 |    13 |    10 |     5 ||    52
       Potion            |     2 |       |     1 |     4 |     6 |     4 ||    17
 Stab: Confused          |       |    15 |    42 |    44 |    13 |     2 ||   116
       Sleeping          |       |       |     2 |       |       |       ||     2
       Invisible         |       |       |     1 |       |       |       ||     1
       Held in net/web   |       |       |       |       |     1 |       ||     1
  Eat: Chunk             |       |     7 |     9 |     5 |    42 |     4 ||    67
       Beef jerky        |       |     1 |       |     2 |     1 |       ||     4
       Meat ration       |       |     1 |     1 |     2 |     3 |       ||     7
       Bread ration      |       |       |       |     1 |     2 |       ||     3
       Fruit             |       |       |       |       |     1 |       ||     1
       Pizza             |       |       |       |       |     1 |       ||     1
Armor: Robe              |    25 |    38 |    95 |   148 |   195 |    33 ||   534
       Ring mail         |       |       |       |       |     1 |       ||     1
Dodge: Dodged            |    44 |   106 |   173 |   198 |   203 |    63 ||   787
       Deflected         |       |       |     2 |       |    14 |     3 ||    19
Block: Buckler           |       |       |       |     1 |    62 |    10 ||    73
